 Dungeon Crawl Stone Soup version 0.21.1-1-g345015f (webtiles) character file.

408 inc the Conjurer (level 6, -2/36 HPs)
             Began as an Octopode Conjurer on June 11, 2018.
             Slain by a hippogriff (11 damage)
             ... on level 4 of the Dungeon.
             The game lasted 00:06:43 (4277 turns).

inc the Conjurer (Octopode Conjurer)                Turns: 4277, Time: 00:06:44

Health: -2/36      AC:  1    Str:  7    XL:     6   Next: 88%
Magic:  1/9        EV: 13    Int: 19    God:
Gold:   237        SH:  5    Dex: 13    Spells: 3/9 levels left

rFire    . . .     SeeInvis .   t - +2 spear (pierce)
rCold    . . .     Gourm    .   q - +0 buckler
rNeg     . . .     Faith    .   (helmet restricted)
rPois    .         Spirit   .   (no amulet)
rElec    .         Reflect  .   (no ring)
rCorr    .         Harm     .   (no ring)
MR       .....                  (no ring)
Stlth    +++.......             (no ring)
HPRegen  0.12/turn              (no ring)
MPRegen  0.11/turn              (no ring)
                                (no ring)
                                (no ring)

@: no status effects
A: almost no armour, stealthy swim, amphibious, 8 rings, constrict 8, camouflage
1, gelatinous body 1
a: no special abilities


You were on level 4 of the Dungeon.
You were hungry.

You visited 1 branch of the dungeon, and saw 4 of its levels.

You collected 237 gold pieces.

Inventory:

Hand Weapons
 j - a +0 spear of venom
 s - a +2 hand axe of chopping
 t - a +2 spear of piercing (weapon)
Armour
 q - a +0 buckler (worn)
Jewellery
 d - a cursed -5 ring of evasion {unknown}
Wands
 C - a wand of flame (33)
Scrolls
 e - a scroll of magic mapping {unknown}
 f - 9 scrolls of identify {unknown}
 g - 3 scrolls of teleportation {unknown}
 h - a scroll of blinking {unknown}
 k - 3 scrolls of fog {unknown}
 u - 2 scrolls of enchant weapon {unknown}
 v - a scroll of remove curse {unknown}
 y - a scroll of enchant armour {unknown}
 z - a scroll of immolation {unknown}
 A - a scroll of fear {unknown}
 D - a scroll of amnesia {unknown}
Potions
 c - 2 potions of heal wounds {unknown}
 i - 6 potions of might {unknown}
 l - 2 potions of haste {unknown}
 m - a potion of resistance {unknown}
 n - a potion of cancellation {unknown}
 o - a potion of berserk rage {unknown}
 p - 3 potions of curing {unknown}
 r - 2 potions of magic {unknown}
 w - a potion of degeneration {unknown}
 x - a potion of invisibility {unknown}
 B - a potion of lignification {unknown}
 E - a potion of ambrosia {unknown}
Books
 a - a book of Conjurations

   Spells                             Type                      Level
   a - Magic Dart                     Conjuration                  1
   b - Searing Ray                    Conjuration                  2
   c - Dazzling Spray                 Conjuration/Hexes            3
   d - Fulminant Prism                Conjuration/Hexes            4
   e - Force Lance                    Conjuration/Translocation    4
   f - Iskenderun's Mystic Blast      Conjuration                  4
Comestibles
 b - 8 rations


   Skills:
 - Level 2.0 Dodging
 - Level 2.6 Stealth
 + Level 4.2 Shields
 - Level 2.0 Spellcasting
 + Level 6.5 Conjurations


You had 3 spell levels left.
You knew the following spells:

 Your Spells              Type           Power        Failure   Level  Hunger
a - Magic Dart            Conj           ####         1%          1    #......
b - Searing Ray           Conj           ####..       1%          2    ###....
c - Dazzling Spray        Conj/Hex       ##....       13%         3    ###....


Dungeon Overview and Level Annotations

Branches:
Dungeon (4/15)
 Temple: D:4-7

Altars:
Nemelex Xobeh
Trog


Innate Abilities, Weirdness & Mutations

You cannot wear most types of armour.
You are very stealthy in the water. (Stealth+)
You are amphibious.
You can wear up to eight rings at the same time.
You can use your tentacles to constrict eight enemies at once.
Your skin changes colour to match your surroundings (Stealth+).
Your rubbery body absorbs attacks. (AC +1, EV +1)


Message History

Press: ? - help, Shift-Dir - straight line, f/p - hippogriff
Aim: a hippogriff (severely wounded)
The magic dart hits the hippogriff.
The hippogriff is severely wounded.
The hippogriff bites you! The hippogriff pecks you. The hippogriff claws you!
Casting: Magic Dart
Confirm with . or Enter, or press ? or * to list all spells.
You don't have enough magic to cast that spell.
Unknown command.
Casting: Magic Dart
Confirm with . or Enter, or press ? or * to list all spells.
You don't have enough magic to cast that spell.
Unknown command.
You hit the hippogriff.
The hippogriff is severely wounded.
The hippogriff closely misses you. The hippogriff barely misses you.
The hippogriff claws you.
* * * LOW HITPOINT WARNING * * *
The hippogriff bites you!
You die...

# #.##...######.# #.#
# #.###### #.# #.# #
#.# #.# #.# # #.# #.#
#.# ..# #.# ####.##
### #.# #......
#.#####.....#
#########...........#
#$..@...............#
#.#.H....######......
#.###### ##...## #.
#..### #. #..# #.
#..# ..####### #.
#..# ......(<# .#.
#..# .######.# ...
...#


You could see a hippogriff.

Vanquished Creatures
  Blork the orc (D:4)
  A crimson imp (D:4)
  A hound (D:4)
  An orc priest (D:4)
  3 worker ants
  3 gnolls (D:2)
  4 adders
  An ooze (D:3)
  4 worms
  2 leopard geckos
  13 orcs
  4 giant cockroaches
  10 goblins
  7 hobgoblins
  6 jackals (D:4)
  A quokka (D:2)
  5 bats
  5 frilled lizards
  3 kobolds (D:1)
  A leopard gecko skeleton (D:4)
  9 rats
85 creatures vanquished.

Notes
Turn   | Place    | Note
-------+----------+-------------------------------------------
     0 | D:1      | inc the Octopode Conjurer began the quest for the Orb.
     0 | D:1      | Reached XP level 1. HP: 11/11 MP: 3/3
    23 | D:1      | Found a sparkling altar of Nemelex Xobeh.
    93 | D:1      | Reached XP level 2. HP: 16/17 MP: 0/5
   645 | D:2      | Learned a level 2 spell: Searing Ray
   652 | D:2      | Noticed a moth of wrath
   655 | D:2      | Found a bloodstained altar of Trog.
   662 | D:2      | Reached XP level 3. HP: 21/21 MP: 2/6
  1119 | D:2      | Reached skill level 1 in Shields
  1157 | D:2      | Reached skill level 5 in Conjurations
  1709 | D:2      | Reached XP level 4. HP: 27/27 MP: 7/7
  2061 | D:2      | Learned a level 3 spell: Dazzling Spray
  2754 | D:3      | Reached XP level 5. HP: 31/31 MP: 2/8
  3599 | D:4      | Reached skill level 6 in Conjurations
  3599 | D:4      | Reached XP level 6. HP: 36/36 MP: 9/9
  3912 | D:4      | Noticed Blork the orc
  3925 | D:4      | Killed Blork the orc
  4267 | D:4      | Noticed a hippogriff
  4277 | D:4      | Slain by a hippogriff

Skill      XL: |  1  2  3  4  5  6 |
---------------+-------------------+-----
Shields        | 1 2 3 4 |  4.2
Conjurations   | 5 6 |  6.5
Dodging        | |  2.0
Stealth        | |  2.6
Spellcasting   | |  2.0

Action                   |  1- 3 |  4- 6 || total
-------------------------+-------+-------++-------
Melee: Unarmed           |     8 |       ||     8
       Constrict         |    19 |    11 ||    30
       Spear             |    59 |    64 ||   123
       Tentacles         |     3 |     6 ||     9
 Cast: Magic Dart        |    22 |    80 ||   102
       Searing Ray       |       |     7 ||     7
       Dazzling Spray    |       |     2 ||     2
 Stab: Sleeping          |     6 |     2 ||     8
  Eat: Chunk             |     2 |    10 ||    12
Armor: Skin              |     4 |     7 ||    11
Dodge: Dodged            |    41 |    46 ||    87
Block: Buckler           |     7 |    26 ||    33
